 Dungeon Crawl Stone Soup version 0.16-a0-2622-gbfab2ba (webtiles) character file.

77494 Gorice the Archer (level 15, 0/95 HPs)
             Began as a Demonspawn Wanderer on Nov 16, 2014.
             Was a High Priest of Okawaru.
             Slain by a death yak (17 damage)
             ... on level 8 of the Lair of Beasts on Nov 22, 2014.
             The game lasted 03:29:48 (24895 turns).

Gorice the Archer (Demonspawn Wanderer)            Turns: 24895, Time: 03:29:48

Health: 0/95       AC: 28    Str: 16    XL:     15   Next: 15%
Magic:  26/26      EV: 12    Int: 14    God:    Okawaru [*****.]
Gold:   1533       SH:  0    Dex: 15    Spells: 0 memorised, 18 levels left

rFire  x . .     SeeInvis .     a - +2 lajatang (protect)
rCold  + . .     Clarity  .     S - +0 chain mail {rPois}
rNeg   . . .     SustAb   .     (no shield)
rPois  +         Gourm    .     i - +1 helmet
rElec  .         Spirit   .     w - +0 cloak
rCorr  .         Warding  .     (gloves unavailable)
rMut   .         Stasis   .     (no boots)
MR     +....                    t - amulet of faith
Stlth  ..........               f - ring of ice
                                F - +2 ring of slaying

@: heroism, somewhat resistant to hostile enchantments, extremely unstealthy
A: claws 3, iridescent scales 2, foul stench 1, spiny 2, rot immunity
a: Heroism, Finesse, Renounce Religion


You were on level 8 of the Lair of Beasts.
You worshipped Okawaru.
Okawaru was extremely pleased with you.
You were not hungry.

You visited 3 branches of the dungeon, and saw 19 of its levels.

You collected 1533 gold pieces.

Inventory:

Hand weapons
 a - a +2 lajatang of protection (weapon)
 b - a +4 shortbow of electrocution
 c - a +5 quarterstaff of protection
 A - the +7 quarterstaff "Liefram" {venom, Str+3 Int+3}
   (Okawaru gifted it to you on level 7 of the Lair of Beasts)

   It poisons the flesh of those it strikes.
   It affects your strength (+3).
   It affects your intelligence (+3).
 H - a +0 quarterstaff of freezing
 R - a +1 antimagic quarterstaff
Missiles
 d - 6 steel javelins (quivered)
 k - 42 arrows of flame
 n - 56 arrows
 p - 28 poisoned arrows
 P - 28 arrows of frost
 X - 44 arrows of dispersal
 Y - 3 throwing nets
 Z - 243 stones
Armour
 i - a +1 helmet (worn)
 w - a +0 cloak (worn)
 x - an ice dragon hide
 S - a +0 chain mail of poison resistance (worn)
Jewellery
 f - a ring of ice (right claw)
 l - the ring "Pam Tho" {+Rage rElec Stlth+}
   (You found it on level 7 of the Dungeon)

   [ring of stealth]

   It insulates you from electricity.
   It lets you go berserk.
   It makes you more stealthy.
 s - an uncursed ring of protection from magic
 t - an amulet of faith (around neck)
 y - an uncursed ring of flight
 F - a +2 ring of slaying (left claw)
 K - an uncursed ring of sustain abilities
 T - an uncursed ring of see invisible
Magical devices
 r - a wand of teleportation (8)
 u - a wand of polymorph (11)
 D - a wand of paralysis (13)
 W - a wand of lightning (10)
Scrolls
 e - 3 scrolls of remove curse
 j - 5 scrolls of teleportation
 v - 3 scrolls of fog
 E - a scroll of fear
 O - 3 scrolls of summoning {unknown}
Potions
 C - a potion of cancellation
 G - a potion of mutation {unknown}
 I - 4 potions of invisibility
 J - 2 potions of berserk rage
 L - 3 potions of curing
 M - 3 potions of might
 N - 2 potions of magic
Comestibles
 g - a bread ration
 h - 8 meat rations
 o - 11 fruits
 q - a beef jerky


   Skills:
 - Level 2.0(7.0) Fighting
 + Level 12.1(17.1) Staves
 + Level 13.9(18.9) Bows
 - Level 1.0(6.0) Throwing
 - Level 10.0(15.0) Armour
 + Level 11.0(16.0) Dodging
   Level 1.0(6.0) Shields
 - Level 2.0 Spellcasting
   Level 1.0 Earth Magic
 - Level 8.0 Invocations


You had 18 spell levels left.
You didn't know any spells.

Dungeon Overview and Level Annotations

Branches:
Dungeon (10/15)            Temple (1/1) D:4            Lair (8/8) D:10
  Swamp (0/5) Lair:4       Spider (0/5) Lair:3        Slime (0/6) Lair:7
    Orc (0/4) D:9

Altars:
Ashenzari
Cheibriados
Dithmenos
Elyvilon
Fedhas
Gozag
Kikubaaqudgha
Makhleb
Nemelex Xobeh
Okawaru
Qazlal
Ru
Sif Muna
Trog
Vehumet
Xom
Yredelemnul
Zin
The Shining One
Jiyva

Annotations:
D:4 vpUX: GrWz ghost!, bullock's ghost, average GrWz
Lair:8 runed door


Innate Abilities, Weirdness & Mutations

You have claws for hands.
You are mostly covered in iridescent scales (AC +6).
You emit a foul stench.
You are mostly covered in sharp spines.
You are immune to rotting.


Message History

The death yak is heavily wounded.
The death yak closely misses you.
You completely miss the death yak.
The death yak is heavily wounded.
You kill the death yak!
Okawaru accepts your kill. The death yak gores you.
* * * LOW HITPOINT WARNING * * *
You hit the death yak.
The death yak is severely wounded.
The death yak closely misses you.
You slash the death yak!
The death yak is severely wounded.
The death yak gores you.
* * * LOW HITPOINT WARNING * * *
You hit the death yak but do no damage.
The death yak is severely wounded.
The death yak gores you but does no damage.
The death yak gores you!
You die...

........#⌠.<.⌠#......###P....##
.###..............#..###....P#
.##.....##Y⌠..#.....###..P..##
.........#####YY.P.## ##.#.#.#
#.#................#####....####
##...........P...##..#.....P#PP##
##........P...........P.....P.PPP
#.......#.#######Y...........PPPP
.#..)....## #@#............PP.
#..P.P.P#.# ##Y.#.##..#...#...
#.#.P..#### ########..#..#...
###.P.## ######.....P... ##.P.##
#.##..#...P.... .#.P..#
#.##.....PP.... .....##
##.......#...... ......#
#........#P##... ......##
####.....P.######.


You could see 2 death yaks.

Vanquished Creatures
  Snorg (Lair:3)
  Fannar (Lair:8)
  7 hydras
  An ice dragon (Lair:8)
  Erica (Lair:5)
  14 death yaks
  A catoblepas (Lair:5)
  Erolcha (D:9)
  3 hill giants (D:10)
  A lindwurm (Lair:8)
  3 griffons
  A black mamba (Lair:7)
  3 elephants (Lair:2)
  10 spiny frogs
  A queen ant (Lair:1)
  8 torpor snails
  7 komodo dragons
  2 fire drakes
  A troll (D:8)
  A polar bear (Lair:4)
  2 jumping spiders (Lair:3)
  A two-headed ogre (D:8)
  17 blink frogs
  3 giant leeches (Lair:8)
  A boulder beetle (Lair:8)
  2 basilisks
  A redback (Lair:3)
  41 yaks
  A wraith (D:10)
  A deep elf mage (D:10)
  A wyvern (Lair:8)
  7 hippogriffs
  20 soldier ants (Lair:1)
  8 porcupines
  23 wolves
  13 water moccasins
  6 orc warriors
  A phantom (D:4)
  An ice beast (D:10)
  4 ogres
  5 yellow wasps
  2 spiders (Lair:3)
  A black bear (D:9)
  A boring beetle (Lair:5)
  A necrophage (D:7)
  3 sky beasts
  2 centaurs
  13 crocodiles
  4 brain worms
  2 gnoll sergeants
  A big kobold (D:8)
  20 giant frogs
  2 wyvern skeletons
  2 scorpions
  5 killer bees
  3 jellies (D:8)
  A goliath beetle (D:10)
  An electric eel (Lair:4)
  4 crimson imps
  A giant frog zombie (D:8)
  2 centaur skeletons
  2 centaur zombies
  4 orc priests
  8 hounds
  26 worker ants
  2 giant frog skeletons
  9 orc wizards
  14 iguanas
  28 sheep
  Ijyb (D:7)
  A hound skeleton (D:7)
  2 hound zombies
  A mummy (D:10)
  20 gnolls
  98 river rats
  15 adders
  3 shadow imps
  A giant mite (D:8)
  23 worms
  7 giant geckos
  38 orcs
  2 ball pythons
  7 giant cockroaches
  2 gnoll zombies (D:6)
  13 hobgoblins
  5 quokkas
  7 bats
  4 giant newts
  3 giant spores
  6 goblins
  12 jackals
  10 kobolds
  17 rats
  7 ballistomycetes
  A bush (Lair:8)
697 creatures vanquished.

Vanquished Creatures (others)
  A blink frog (Lair:8)
  An orc (D:7)
  A bush (Lair:8)
  2 fungi (Lair:8)
  10 plants (Lair:8)
15 creatures vanquished.

Grand Total: 712 creatures vanquished

Notes
Turn   | Place    | Note
--------------------------------------------------------------
     0 | D:1      | Gorice, the Demonspawn Wanderer, began the quest for the Orb.
     0 | D:1      | Gorice set off with: a +2 shortbow, the Tome of Autotheism, a +0 ring mail, 27 arrows, a bread ration
     0 | D:1      | Reached XP level 1. HP: 16/16 MP: 3/3
     0 | D:1      | Identified the Tome of Autotheism
   207 | D:1      | Gained mutation: You are partially covered in iridescent scales (AC +4). [demonic ancestry]
   207 | D:1      | Reached XP level 2. HP: 19/22 MP: 4/4
   864 | D:2      | Found a white marble altar of Elyvilon.
   886 | D:2      | Found a glowing silver altar of Zin.
   889 | D:2      | Reached XP level 3. HP: 27/27 MP: 6/6
  1146 | D:2      | Found a sacrificial altar of Ru.
  1309 | D:2      | Noticed a moth of wrath
  1310 | D:2      | Found a bloodstained altar of Trog.
  1370 | D:2      | Reached skill level 3 in Bows
  1374 | D:2      | Gained mutation: You are immune to rotting. [demonic ancestry]
  1374 | D:2      | Reached XP level 4. HP: 30/33 MP: 7/7
  2254 | D:3      | Reached XP level 5. HP: 38/38 MP: 9/9
  2503 | D:4      | Found a staircase to the Ecumenical Temple.
  2553 | Temple   | Entered the Ecumenical Temple
  2667 | D:4      | Reached skill level 4 in Bows
  2764 | D:4      | Noticed bullock's ghost (average GrWz)
  2909 | D:4      | Noticed a phantom
  2925 | D:4      | Killed a phantom
  2925 | D:4      | Reached XP level 6. HP: 44/44 MP: 10/10
  2965 | D:4      | Reached skill level 5 in Bows
  3002 | D:4      | Found an ancient bone altar of Kikubaaqudgha.
  3502 | D:5      | Entered Level 5 of the Dungeon
  3514 | D:5      | Gained mutation: You have sharp fingernails. [demonic ancestry]
  3514 | D:5      | Reached XP level 7. HP: 25/50 MP: 12/12
  3794 | D:5      | Reached skill level 6 in Bows
  3871 | D:5      | Found a deep blue altar of Sif Muna.
  4596 | D:6      | Reached skill level 7 in Bows
  4611 | D:6      | Reached XP level 8. HP: 16/56 MP: 13/13
  4612 | D:6      | Reached skill level 5 in Armour
  5022 | D:6      | Found an iron altar of Okawaru.
  5029 | D:6      | Found a stormy altar of Qazlal.
  5032 | D:6      | Found a burning altar of Makhleb.
  5037 | D:6      | Found a snail-covered altar of Cheibriados.
  5038 | D:6      | Found a sparkling altar of Nemelex Xobeh.
  5049 | D:6      | Became a worshipper of Warmaster Okawaru
  5464 | D:6      | Found a shadowy altar of Dithmenos.
  5521 | D:6      | Found a white marble altar of Elyvilon.
  5569 | D:6      | Reached skill level 1 in Staves
  5659 | D:7      | Got an ancient turquoise ring
  5660 | D:7      | Identified the ring "Pam Tho" {+Rage rElec Stlth+} (You found it on level 7 of the Dungeon)
  5911 | D:7      | Acquired Okawaru's first power
  6475 | D:7      | Noticed Ijyb
  6490 | D:7      | Killed Ijyb
  7252 | D:7      | Reached skill level 8 in Bows
  7451 | D:8      | Reached skill level 1 in Invocations
  7451 | D:8      | Gained mutation: You have very sharp fingernails. [demonic ancestry]
  7451 | D:8      | Reached XP level 9. HP: 54/61 MP: 14/14
  7461 | D:8      | Found a glowing silver altar of Zin.
  7461 | D:8      | Noticed a two-headed ogre
  7466 | D:8      | Killed a two-headed ogre
  7735 | D:8      | Found a radiant altar of Vehumet.
  7869 | D:8      | Noticed a troll
  7885 | D:8      | Killed a troll
  8551 | D:8      | HP: 3/61 [acid (7)]
  9029 | D:8      | Reached skill level 5 in Invocations
  9175 | D:8      | Reached skill level 5 in Staves
  9306 | D:8      | Paralysed by a yellow wasp for 3 turns
  9315 | D:8      | Received a gift from Okawaru
  9663 | D:9      | Reached skill level 9 in Bows
  9663 | D:9      | Gained mutation: You emit a foul stench. [demonic ancestry]
  9663 | D:9      | Reached XP level 10. HP: 35/67 MP: 16/18
  9804 | D:9      | Noticed Erolcha
  9987 | D:9      | Received a gift from Okawaru
 10763 | D:9      | Found a staircase to the Orcish Mines.
 11002 | D:9      | Killed Erolcha
 11002 | D:9      | Received a gift from Okawaru
 11081 | D:10     | Entered Level 10 of the Dungeon
 11332 | D:10     | Found a staircase to the Lair.
 11334 | D:10     | Noticed a death yak
 11354 | D:10     | Noticed a death yak
 11715 | D:10     | Killed a death yak
 11715 | D:10     | Reached skill level 10 in Bows
 11725 | D:10     | Killed a death yak
 11725 | D:10     | Received a gift from Okawaru
 11777 | D:10     | Gained mutation: You are partially covered in sharp spines. [demonic ancestry]
 11777 | D:10     | Reached XP level 11. HP: 72/72 MP: 20/20
 11862 | D:10     | Noticed a hill giant
 11871 | D:10     | Killed a hill giant
 11871 | D:10     | Received a gift from Okawaru
 12184 | D:10     | Received a gift from Okawaru
 12523 | D:10     | Noticed a hill giant
 12530 | D:10     | Killed a hill giant
 12583 | D:10     | Acquired Okawaru's second power
 12753 | D:10     | Noticed a hill giant
 12762 | D:10     | Killed a hill giant
 12975 | Lair:1   | Entered Level 1 of the Lair of Beasts
 13977 | Lair:1   | Reached skill level 11 in Bows
 14054 | Lair:1   | Received a gift from Okawaru
 14218 | Lair:1   | Reached skill level 10 in Armour
 14364 | Lair:1   | Gained mutation: You are mostly covered in sharp spines. [demonic ancestry]
 14364 | Lair:1   | Reached XP level 12. HP: 78/78 MP: 23/23
 14367 | Lair:1   | Received a gift from Okawaru
 14656 | Lair:2   | Received a gift from Okawaru
 14656 | Lair:2   | Reached skill level 1 in Dodging
 14829 | Lair:2   | Noticed a six-headed hydra
 14867 | Lair:2   | Noticed a six-headed hydra
 14878 | Lair:2   | Killed a six-headed hydra
 14957 | Lair:2   | Received a gift from Okawaru
 15502 | Lair:3   | Received a gift from Okawaru
 15544 | Lair:3   | Noticed Snorg
 15553 | Lair:3   | Killed Snorg
 15706 | Lair:3   | Found a hole to the Spider Nest.
 15717 | Lair:3   | Received a gift from Okawaru
 16296 | Lair:3   | Reached skill level 12 in Bows
 16458 | Lair:3   | Received a gift from Okawaru
 16885 | Lair:3   | Got an iridescent falchion
 17291 | Lair:4   | Received a gift from Okawaru
 17569 | Lair:4   | Noticed a seven-headed hydra
 17577 | Lair:4   | Killed a seven-headed hydra
 17577 | Lair:4   | Reached skill level 10 in Staves
 17577 | Lair:4   | Reached skill level 5 in Dodging
 17715 | Lair:4   | Found a staircase to the Swamp.
 17880 | Lair:4   | Received a gift from Okawaru
 18236 | Lair:4   | Reached XP level 13. HP: 64/83 MP: 25/25
 18261 | Lair:4   | Gained mutation: You are mostly covered in iridescent scales (AC +6). [demonic ancestry]
 18261 | Lair:4   | Reached XP level 14. HP: 75/90 MP: 25/25
 18307 | Lair:4   | Received a gift from Okawaru
 19037 | Lair:5   | Received a gift from Okawaru
 19137 | Lair:5   | Noticed Erica
 19142 | Lair:5   | Killed Erica
 20707 | Lair:7   | Received a gift from Okawaru
 20754 | Lair:7   | Found a runed door.
 20754 | Lair:7   | Found a viscous altar of Jiyva.
 20754 | Lair:7   | Found a staircase to the Slime Pits.
 20754 | Lair:7   | Noticed an acid blob
 20887 | Lair:7   | Reached skill level 13 in Bows
 21057 | Lair:7   | Received a gift from Okawaru
 21065 | Lair:7   | Got a smoking quarterstaff {god gift}
 21114 | Lair:7   | Identified the +7 quarterstaff "Liefram" {venom, Str+3 Int+3} (Okawaru gifted it to you on level 7 of the Lair of Beasts)
 21620 | Lair:8   | Entered Level 8 of the Lair of Beasts
 21844 | Lair:8   | Reached skill level 10 in Dodging
 22212 | Lair:8   | Upgraded the game from 0.16-a0-2296-gdce89d5 to 0.16-a0-2622-gbfab2ba
 22662 | Lair:8   | Received a gift from Okawaru
 23365 | Lair:8   | Found a runed door.
 23631 | Lair:8   | Noticed Fannar
 23657 | Lair:8   | Killed Fannar
 23657 | Lair:8   | Gained mutation: You have claws for hands. [demonic ancestry]
 23657 | Lair:8   | Reached XP level 15. HP: 31/95 MP: 26/26
 23849 | Lair:8   | Received a gift from Okawaru
 24895 | Lair:8   | Slain by a death yak

Action                   |  1- 3 |  4- 6 |  7- 9 | 10-12 | 13-15 || total
-------------------------+-------+-------+-------+-------+-------++-------
Melee: Quarterstaff      |       |       |   194 |   507 |   267 ||   968
       Lajatang          |       |       |       |       |   364 ||   364
 Fire: Shortbow          |   119 |   171 |   483 |   770 |   402 ||  1945
Throw: Stone             |       |       |     3 |       |       ||     3
       Javelin           |       |       |       |       |     4 ||     4
Invok: Heroism           |       |       |     6 |     4 |    10 ||    20
Evoke: Wand              |       |       |     5 |       |       ||     5
  Use: Scroll            |     4 |     6 |     6 |    15 |     4 ||    35
       Potion            |       |       |     9 |       |     6 ||    15
 Stab: Sleeping          |       |       |     1 |       |       ||     1
  Eat: Chunk             |     1 |     7 |    14 |    26 |    21 ||    69
       Pizza             |       |       |     1 |       |       ||     1
       Beef jerky        |       |       |     2 |     1 |       ||     3
